 Dungeon Sprint DCSS version 0.31-a0-931-g7b59d4eb97 (webtiles) character file.

Game seed: 6368765367438260328

21520 sircluck the Brawler (level 12, -13/154 HPs)
             Began as a Troll Berserker on Oct 19, 2023.
             Was a High Priest of Trog.
             Killed from afar by a hell hog (25 damage)
             ... with a fireball
             ... in the Dungeon (Sprint VII: "The Pits").
             The game lasted 00:05:39 (1597 turns).

sircluck the Brawler (Troll Berserker)              Turns: 1597, Time: 00:05:41

Health: -13/154    AC:  6    Str: 35    XL:     12   Next: 54%
Magic:  11/11      EV: 16    Int:  3    God:    Trog [*****.]
Gold:   24         SH:  0    Dex:  9    Spells: 11/11 levels left

rFire   . .          .
                       - Unarmed
rCold   . . .        (no shield)
rNeg    . . .        k - +0 troll leather armour {Pargi}
rPois   .            (helmet restricted)
rElec   .            (no cloak)
rCorr   .            (gloves unavailable)
SInv    .            (boots unavailable)
Will    .....        (no amulet)
Stlth   +            l - +3 ring of evasion
HPRegen 2.05/turn    m - +3 ring of strength
MPRegen 0.12/turn

%: no teleportation
@: on berserk cooldown, slowed, very slow
A: large, unfitting armour, claws 3, regeneration 1, shaggy fur 1, tough skin 1,
talons 1, robust 1
a: Renounce Religion, Berserk, Trog's Hand, Brothers in Arms


You were in the Dungeon.
You worshipped Trog.
Trog was extremely pleased with you.
You visited 1 branch You collected 24 gold pieces.

Inventory:

Armour
 a - a +0 animal skin
 k - a +0 troll leather armour (worn) {Pargi}
Jewellery
 l - a +3 ring of evasion (left claw)
 m - a +3 ring of strength (right claw)
 r - a ring of protection from cold
 x - a ring of fire
 y - a ring of protection from cold
Wands
 o - a wand of roots (9)
Scrolls
 i - 3 scrolls of vulnerability
 j - a scroll of butterflies
 t - 3 scrolls of enchant armour
 u - 2 scrolls of fear
 v - 6 scrolls of enchant weapon
 w - a scroll of fog
Potions
 b - 4 potions of curing
 c - 16 potions of heal wounds
 d - a potion of haste
 e - 4 potions of magic
 f - 5 potions of berserk rage
 h - 2 potions of invisibility
 n - 2 potions of mutation
 p - 3 potions of might
 q - 2 potions of resistance
 s - a potion of enlightenment


   Skills:
 + Level 14.7 Fighting
 + Level 13.2 Armour
 + Level 14.7 Dodging
 + Level 17.2 Unarmed Combat


You had 11 spell levels left.
You didn't know any spells.
Your spell library was empty.

Dungeon Overview and Level Annotations

Branches:
Dungeon (1/1)

Altars:
Ashenzari
Cheibriados
Dithmenos
Elyvilon
Fedhas
Gozag
Hepliaklqana
Kikubaaqudgha
Makhleb
Nemelex Xobeh
Okawaru
Qazlal
Ru
Sif Muna
Trog
Uskayaw
Vehumet
Wu Jian
Xom
Yredelemnul
Zin
The Shining One
Jiyva
Lugonu

Annotations:
D Agnes


Innate Abilities, Weirdness & Mutations

You are too large for most types of armour.
You have claws for hands.
Your natural rate of healing is unusually fast.
You are covered in fur. (AC +1)
You have tough skin. (AC +1)
You have sharp toenails.
You are robust. (+10% HP)


Message History

a +1 battleaxe; a +0 chain mail The daeva blocks your attack.
Your kick misses the daeva.
The daeva is severely wounded.
The daeva hits you with a +5 eudemon blade of holy wrath!! x2
You are too injured to fight recklessly!
You are too injured to fight recklessly!
You are too injured to fight recklessly!
You are too injured to fight recklessly!
You are too injured to fight recklessly!
You are too injured to fight recklessly!
You are too injured to fight recklessly!
You are too injured to fight recklessly!
You are too injured to fight recklessly!
You are too injured to fight recklessly!
Unknown command.
The daeva blocks your attack.
You claw the daeva! x2
You kill the daeva!
Trog accepts your kill. The hell hog bites you!
Unknown command.
Unknown command.
Unknown command.
You mangle Agnes!! Your kick misses Agnes. Your claw misses Agnes.
Agnes is moderately wounded.
Agnes hits you with a +2 lajatang of speed!!!
* * * LOW HITPOINT WARNING * * *
You miss Agnes. Your kick misses Agnes.
Agnes is moderately wounded.
You are no longer berserk.
You are exhausted.
You feel yourself slow down. The hell hog misses you.
Agnes hits you with a +2 lajatang of speed!!
* * * LOW HITPOINT WARNING * * *
Unknown command.
Blink to where?
Press: ? - help, Q - select action, (/) - cycle Dir - move target
As you read the scroll of blinking, it crumbles to dust.
The hell hog breathes fire at you.
The fireball explodes!
The fireball engulfs you!!
You die...

#..........# #..#....#..#
+..........# +..........#
#..#....#..# #..........+
#..........+ ###''####''#
###@'####''#########
#......##....)......
#.#'##.##.))))......
#.#:)+.##..#########
#.'..#.##..# #.#hH+.##..#
#++###########.hih#.##..#
........##..##.##ยง#.##..#
.#......##..##......##).#


You could see Agnes, a minotaur and 3 hell hogs.

Vanquished Creatures
  A bone dragon (D)
  A rockslime (D)
  A daeva (D)
  An azure jelly (D)
  A war gargoyle (D)
  A vampire knight (D)
  A purple draconian (D)
  Josephine (D)
  A merfolk avatar (D)
  A death drake (D)
  A sea snake (D)
  An orc knight (D)
  A swamp dragon (D)
  A deep elf zephyrmancer (D)
  An orc sorcerer (D)
  2 manticores (D)
  A freezing wraith (D)
  2 ice devils (D)
  An unseen horror (D)
  A guardian mummy (D)
  A yaktaur (D)
  2 polar bears (D)
  A wandering mushroom (D)
  A ynoxinul (D)
  5 yaks (D)
  A spriggan (D)
  A water elemental (D)
  A vampire mosquito (D)
  2 wargs (D)
  An acid dragon (D)
  An orc warrior (D)
  A sky beast (D)
  Pargi (D)
  2 gnoll sergeants (D)
  A necrophage (D)
  A scorpion (D)
  A hound (D)
  2 quasits (D)
  An orc wizard (D)
  A mummy (D)
  An adder (D)
  5 gnolls (D)
  2 river rats (D)
  2 white imps (D)
  2 ufetubi (D)
  6 orcs (D)
  A bat (D)
  3 endoplasms (D)
  A giant cockroach (D)
  A goblin (D)
  A kobold (D)
  A quokka (D)
  A ball python (D)
  2 frilled lizards (D)
  A rat (D)
80 creatures vanquished.

Vanquished Creatures (collateral kills)
  A vampire knight (D)
  A two-headed ogre (D)
  A boulder beetle (D)
  An orc knight (D)
  A smoke demon (D)
  A black mamba (D)
  A cane toad (D)
  2 efreet (D)
  A troll (D)
  3 wraiths (D)
  3 yaks (D)
  A neqoxec (D)
  A floating eye (D)
  2 orc warriors (D)
  6 wolves (D)
  A gnoll sergeant (D)
  A scorpion (D)
  An orc priest (D)
  3 gnolls (D)
  An orc (D)
33 creatures vanquished.

Vanquished Creatures (others)
  A cane toad (D)
  A ball python (D)
  A quokka (D)
3 creatures vanquished.

Grand Total: 116 creatures vanquished

Notes
Turn   | Place    | Note
-------+----------+-------------------------------------------
     0 | D        | sircluck the Troll Berserker began the quest for the Orb.
     0 | D        | Reached XP level 1. HP: 22/22 MP: 0/0
    20 | D        | Found a bloodstained altar of Trog.
    20 | D        | Found a shimmering blue altar of Sif Muna.
    20 | D        | Found a viscous altar of Jiyva.
    20 | D        | Found a hazy altar of Hepliaklqana.
    20 | D        | Found an opulent altar of Gozag.
    21 | D        | Found a glowing golden altar of the Shining One.
    21 | D        | Found a glowing silver altar of Zin.
    21 | D        | Found a basalt altar of Yredelemnul.
    21 | D        | Found a shimmering altar of Xom.
    21 | D        | Found an ornate altar of the Wu Jian Council.
    21 | D        | Found a sacrificial altar of Ru.
    21 | D        | Found a stormy altar of Qazlal.
    21 | D        | Found an iron altar of Okawaru.
    21 | D        | Found a sparkling altar of Nemelex Xobeh.
    21 | D        | Found a burning altar of Makhleb.
    21 | D        | Found a blossoming altar of Fedhas.
    21 | D        | Found a white marble altar of Elyvilon.
    21 | D        | Found a shadowy altar of Dithmenos.
    21 | D        | Found a snail-covered altar of Cheibriados.
    56 | D        | Reached ** piety under Trog
    59 | D        | Reached XP level 2. HP: 28/31 MP: 1/1
    63 | D        | Noticed a scorpion
    66 | D        | Reached skill level 4 in Unarmed Combat
    73 | D        | Killed a scorpion
    73 | D        | Reached *** piety under Trog
    74 | D        | Reached skill level 5 in Unarmed Combat
    74 | D        | Reached XP level 3. HP: 36/40 MP: 2/2
    74 | D        | Reached XP level 4. HP: 44/49 MP: 3/3
   112 | D        | Found a radiant altar of Vehumet.
   112 | D        | Found a corrupted altar of Lugonu.
   113 | D        | Found a hide-covered altar of Uskayaw.
   113 | D        | Found an ancient bone altar of Kikubaaqudgha.
   113 | D        | Found a broken altar of Ashenzari.
   146 | D        | Noticed a warg
   150 | D        | Noticed Pargi
   153 | D        | Killed a warg
   153 | D        | Reached **** piety under Trog
   154 | D        | Reached skill level 5 in Dodging
   154 | D        | Reached skill level 7 in Unarmed Combat
   154 | D        | Reached XP level 5. HP: 59/59 MP: 4/4
   167 | D        | Killed Pargi
   168 | D        | Reached skill level 8 in Unarmed Combat
   168 | D        | Reached XP level 6. HP: 35/68 MP: 5/5
   208 | D        | Reached ***** piety under Trog
   215 | D        | Noticed a polar bear
   222 | D        | Killed a polar bear
   223 | D        | Reached XP level 7. HP: 39/78 MP: 6/6
   246 | D        | Noticed a smoke demon
   252 | D        | Reached skill level 9 in Unarmed Combat
   254 | D        | Killed a smoke demon
   262 | D        | Killed an unseen horror
   263 | D        | Reached skill level 10 in Unarmed Combat
   263 | D        | Reached XP level 8. HP: 25/89 MP: 7/7
   303 | D        | Reached skill level 5 in Armour
   307 | D        | Received a gift from Trog
   345 | D        | Gained mutation: You are robust. (+10% HP) [potion of
                  | mutation]
   345 | D        | Gained mutation: You have sharp toenails. [potion of
                  | mutation]
   416 | D        | Noticed a two-headed ogre
   416 | D        | Noticed Josephine
   418 | D        | Paralysed by a floating eye for 3 turns
   420 | D        | Killed a two-headed ogre
   421 | D        | Reached skill level 11 in Unarmed Combat
   421 | D        | Reached XP level 9. HP: 100/110 MP: 8/8
   422 | D        | Killed Josephine
   423 | D        | Reached skill level 10 in Fighting
   423 | D        | Reached skill level 10 in Dodging
   423 | D        | Reached skill level 12 in Unarmed Combat
   438 | D        | Noticed an orc knight
   441 | D        | Killed an orc knight
   444 | D        | Reached ****** piety under Trog
   451 | D        | Noticed a manticore
   453 | D        | Noticed a guardian mummy
   454 | D        | Killed a manticore
   455 | D        | Reached XP level 10. HP: 105/122 MP: 9/9
   463 | D        | Reached skill level 13 in Unarmed Combat
   465 | D        | Received a gift from Trog
   536 | D        | Received a gift from Trog
   564 | D        | Noticed a boulder beetle
   565 | D        | Noticed a cane toad
   569 | D        | Killed a cane toad
   573 | D        | Received a gift from Trog
   574 | D        | Killed a boulder beetle
   608 | D        | Noticed a merfolk avatar
   614 | D        | Reached skill level 14 in Unarmed Combat
   625 | D        | Reached skill level 10 in Armour
   629 | D        | Killed a merfolk avatar
   629 | D        | Received a gift from Trog
   630 | D        | Reached XP level 11. HP: 56/135 MP: 10/10
   672 | D        | Noticed a deep elf zephyrmancer
   692 | D        | Received a gift from Trog
   707 | D        | Killed a deep elf zephyrmancer
   707 | D        | Received a gift from Trog
   708 | D        | Reached skill level 15 in Unarmed Combat
   944 | D        | Noticed an orc knight
   944 | D        | Noticed an orc sorcerer
   947 | D        | Noticed a vampire knight
   951 | D        | Killed an orc sorcerer
   951 | D        | Received a gift from Trog
   955 | D        | Killed an orc knight
   964 | D        | Killed a vampire knight
  1036 | D        | Noticed a sea snake
  1044 | D        | Killed a sea snake
  1044 | D        | Received a gift from Trog
  1104 | D        | Noticed a swamp dragon
  1109 | D        | Killed a swamp dragon
  1116 | D        | Reached skill level 16 in Unarmed Combat
  1180 | D        | Noticed a rockslime
  1183 | D        | Killed a rockslime
  1184 | D        | Reached XP level 12. HP: 150/150 MP: 11/11
  1292 | D        | Noticed an azure jelly
  1299 | D        | Killed an azure jelly
  1299 | D        | Received a gift from Trog
  1356 | D        | Noticed a war gargoyle
  1360 | D        | Killed a war gargoyle
  1408 | D        | HP: 7/152 [death drake] (13)]
  1466 | D        | Noticed a purple draconian
  1470 | D        | Killed a purple draconian
  1573 | D        | Noticed a hell hog
  1573 | D        | Noticed a bone dragon
  1573 | D        | Noticed a vampire knight
  1573 | D        | Noticed a daeva
  1574 | D        | Noticed Agnes
  1574 | D        | Noticed a hell hog
  1574 | D        | Noticed a hell hog
  1574 | D        | Noticed a minotaur
  1586 | D        | Killed a bone dragon
  1587 | D        | Reached skill level 17 in Unarmed Combat
  1591 | D        | Killed a vampire knight
  1594 | D        | Killed a daeva
  1597 | D        | Killed from afar by a hell hog

Illustrated notes

Levels and vault maps discovered:
D:        pitsprint [storerooms_1, entrance_room_1, metal_vault_1, armoury_2,
          mini_pit_1, grid_room_1, main_hall_1, silver_pit, the_coven_3,
          the_vestibule_1, steel_vault_4, golden_pit, hallway_of_sentries,
          crystal_vault_2, iron_vault_3, final_vault]

Skill      XL: |  1  2  3  4  5  6  7  8  9 10 11 12 |
---------------+-------------------------------------+-----
Fighting       | 3 4 6 7 8 9 10 12 13 14 | 14.7
Dodging        | 3 4 5 6 7 8 9 10 12 13 14 | 14.7
Unarmed Combat | 5 7 8 10 11 12 14 16 17 | 17.2
Armour         | 3 4 6 8 10 12 13 | 13.2

Action                     |  1- 3 |  4- 6 |  7- 9 | 10-12 || total
---------------------------+-------+-------+-------+-------++-------
  Melee: Unarmed           |    15 |    36 |    19 |   164 ||   234
         Punch             |       |     1 |     3 |    12 ||    16
         Kick              |       |       |     2 |    47 ||    49
 Invoke: Brothers in Arms  |       |       |     2 |     7 ||     9
         Berserk           |       |       |       |     6 ||     6
    Use: Potion            |       |       |     2 |     7 ||     9
         Scroll            |       |       |       |     2 ||     2
   Stab: Sleeping          |     2 |       |       |       ||     2
 Armour: Animal skin       |    17 |    24 |       |       ||    41
         Troll leather arm |       |    11 |    26 |   141 ||   178
  Dodge: Dodged            |     8 |    20 |     8 |    90 ||   126

Table legend: (Time is in decaauts)
 A = Elapsed time spent in this place.
 B = Non-inter-level travel time spent in this place.
 C = Inter-level travel time spent in this place.
 D = Time resting spent in this place.
 E = Time spent auto-exploring this place.
 F = Levels seen in this place.
 G = Mean time per level.
                   A        B        C        D        E       F      G
               +--------+--------+--------+--------+--------+-----+--------+
         Total |   1635 |   1571 |     64 |    639 |    254 |   1 | 1635.0 |
       Dungeon |   1635 |   1571 |     64 |    639 |    254 |   1 | 1635.0 |
               +--------+--------+--------+--------+--------+-----+--------+

Top non-repeatable levels by time:
       D: 1635 daAuts
